Map: Blackpink LE

Players

Reynor - Winner!

  • Race: Zerg Zerg
  • Spawn Location: 7:00

SpeCial

  • Race: Terran Terran
  • Spawn Location: 1:00

Event: WESG 2017 Haikou

VOD

Have the link to the VOD?

Description

Time

  • Played on: March 14, 2018, 10:41 p.m.
  • Length: 14:03

All games in this series

Show
View Real Time Build Order
Export as new Build Order

Reynor Zerg - Winner!

Build Orders: Hatch First 

Get SALT Encoding   

  12  0:00  Drone  
  13  0:12  Overlord  
  13  0:19  Drone  
  14  0:30  Drone x2  
  14  0:34  Drone  
  17  0:52  Hatchery  
  17  0:54  Drone  
  17  0:57  Drone  
  18  1:08  Extractor  
  17  1:12  Spawning Pool  
  17  1:15  Drone  
  17  1:18  Drone  
  18  1:28  Drone  
  19  1:39  Overlord  
  19  1:51  Drone  
  20  1:59  Queen  
  20  2:00  Zergling x2  
  23  2:04  Queen, Zergling x2  
  23  2:07  Metabolic Boost  
  26  2:12  Drone  
  27  2:28  Hatchery  
  26  2:32  Drone  
  26  2:36  Drone x2  
  28  2:45  Queen  
  28  2:49  Overlord  
  30  2:51  Drone  
  30  2:54  Drone  
  30  2:56  Drone  
  33  2:59  Drone  
  33  3:02  Drone  
  35  3:10  Drone x2  
  35  3:12  Drone x3  
  40  3:17  Overlord  
  41  3:20  Zergling x2  
  41  3:21  Zergling x2  
  41  3:25  Zergling x2  
  43  3:32  Overlord  
  43  3:36  Drone x2, Queen  
  43  3:40  Overlord  
  47  3:42  Drone  
  47  3:47  Drone x2  
  50  3:49  Drone  
  50  3:52  Drone x3  
  54  3:56  Queen  
  54  3:59  Spore Crawler  
  54  4:00  Zergling x2  
  58  4:02  Zergling x2  
  58  4:05  Drone  
  58  4:07  Overlord  
  58  4:08  Zergling x4  
  61  4:12  Drone x2  
  61  4:15  Drone  
  64  4:21  Drone x2  
  64  4:22  Drone  
  67  4:24  Drone x2  
  67  4:25  Drone  
  67  4:27  Evolution Chamber  
  67  4:30  Evolution Chamber  
  68  4:34  Overlord  
  68  4:37  Drone  
  68  4:38  Drone x2, Zergling x4  
  72  4:46  Zergling x2  
  72  4:47  Zergling x2  
  72  4:49  Zergling x2  
  72  4:51  Zergling x6  
  72  4:53  Zergling x4  
  72  4:55  Zergling x2  
  70  5:03  Drone x3  
  70  5:05  Drone x2  
  75  5:08  Zerg Ground Armor Level 1, Zerg Melee Weapons Level 1  
  75  5:11  Drone, Extractor  
  75  5:14  Drone  
  75  5:20  Overlord  
  76  5:21  Drone x2  
  76  5:22  Drone  
  76  5:24  Drone  
  76  5:27  Overlord  
  80  5:30  Drone x2  
  80  5:32  Drone x2  
  84  5:41  Drone  
  85  5:45  Drone x2, Baneling Nest  
  85  5:46  Drone  
  87  5:50  Extractor, Lair  
  87  5:51  Hatchery  
  87  5:53  Drone x2  
  87  5:55  Zergling x2  
  87  5:56  Zergling x2  
  87  5:57  Extractor  
  88  5:58  Spore Crawler  
  88  5:59  Extractor  
  86  6:04  Overlord  
  86  6:05  Drone x3  
  86  6:06  Drone x3  
  86  6:08  Zergling x2  
  86  6:10  Drone x2  
  86  6:11  Drone x2  
  96  6:14  Drone  
  96  6:18  Overlord  
  97  6:22  Overlord  
  97  6:23  Extractor  
  96  6:26  Zergling x8  
  96  6:27  Drone  
  96  6:29  Overlord  
  96  6:32  Queen  
  103  6:33  Zergling x4  
  103  6:39  Zergling x6  
  108  6:41  Zergling x2  
  108  6:44  Baneling x2  
  108  6:45  Zergling x4  
  111  6:47  Zergling x6  
  111  6:50  Centrifical Hooks, Zergling x6  
  111  6:54  Hydralisk Den, Infestation Pit  
  116  6:58  Zergling x2  
  116  6:59  Zergling x4  
  117  7:03  Zergling x4  
  119  7:09  Baneling x5  
  119  7:10  Baneling  
  119  7:12  Zergling x4  
  121  7:20  Overlord  
  121  7:22  Zergling x10  
  115  7:24  Zergling x2  
  115  7:29  Drone x3, Zerg Ground Armor Level 2, Zerg Melee Weapons Level 2  
  112  7:33  Drone x2  
  112  7:34  Drone, Hive  
  112  7:36  Grooved Spines  
  115  7:38  Drone x4  
  115  7:40  Extractor  
  118  7:46  Baneling  
  118  7:47  Zergling x6  
  118  7:48  Drone  
  122  7:56  Overlord  
  122  7:59  Zergling x6  
  122  8:02  Hydralisk, Hatchery  
  122  8:04  Overlord  
  126  8:08  Overlord  
  126  8:12  Overlord  
  126  8:14  Overlord  
  126  8:15  Hydralisk x4  
  135  8:20  Hatchery  
  135  8:21  Hydralisk  
  135  8:24  Zergling x8  
  135  8:26  Hydralisk x3  
  146  8:30  Hydralisk x3, Zergling x2  
  153  8:34  Hydralisk x2  
  153  8:35  Zergling x2  
  153  8:39  Overlord  
  153  8:41  Hydralisk  
  158  8:43  Overlord x2  
  158  8:47  Overlord  
  160  8:54  Baneling x3  
  156  8:55  Baneling x3  
  156  8:56  Hydralisk x2, Baneling x2  
  156  8:59  Zergling x8  
  156  9:00  Zergling x6  
  156  9:01  Overlord  
  166  9:05  Adrenal Glands  
  166  9:06  Hydralisk, Ultralisk Cavern  
  166  9:09  Hydralisk  
  162  9:10  Zergling x4  
  166  9:18  Drone x4  
  166  9:20  Extractor  
  169  9:25  Zergling x6  
  169  9:26  Zergling x4  
  169  9:31  Overlord  
  174  9:32  Muscular Augments  
  168  9:45  Drone  
  168  9:46  Drone x5  
  168  9:48  Zerg Ground Armor Level 3  
  168  9:49  Zerg Melee Weapons Level 3  
  174  9:56  Ultralisk x2  
  186  10:04  Overlord  
  186  10:13  Ultralisk, Zergling x2  
  186  10:14  Zergling x24  
  196  10:19  Chitinous Plating  
  195  10:25  Zergling x4  
  195  10:26  Zergling x4  
  199  10:36  Baneling x3  
  199  10:46  Ultralisk, Zergling x6  
  199  10:47  Zergling x2  
  194  10:53  Ultralisk  
  200  11:17  Ultralisk x2, Zergling x10  
  197  11:25  Ultralisk, Zergling x2  
  197  11:26  Zergling x8  
  197  11:31  Overlord x3  
  197  11:32  Overlord  
  193  11:35  Overlord  
  193  11:37  Overlord  
  189  11:46  Overlord  
  182  11:48  Overlord  
  182  11:50  Hydralisk  
  182  11:51  Ultralisk x2, Zergling x2  
  182  11:52  Zergling x6  
  194  12:01  Overseer  
  194  12:09  Zergling x10  
  190  12:16  Ultralisk x2, Zergling x6  
  190  12:17  Queen  
  199  12:25  Zergling x2  
  190  12:32  Hydralisk x2, Zergling x4  
  190  12:33  Zergling x16  
  190  12:35  Hydralisk  
  194  12:37  Hydralisk  
  194  12:43  Ultralisk  
  173  12:44  Zergling x2  
  173  12:51  Ultralisk x2  
  178  12:54  Zergling x2  
  178  12:56  Hydralisk  
  181  13:03  Hydralisk  
  181  13:04  Zergling x4  
  183  13:07  Zergling x2  
  183  13:11  Hydralisk x2  
  183  13:12  Extractor  
  186  13:14  Hydralisk  
  186  13:15  Extractor  
  186  13:18  Hydralisk, Hatchery  
  186  13:19  Zergling x4  
  188  13:20  Zergling x4  
  188  13:24  Zergling x8  
  187  13:30  Hydralisk  
  187  13:31  Zergling x6  
  192  13:38  Hydralisk  
  192  13:41  Zergling x2  
  199  13:55  Hatchery  
Show
View Real Time Build Order
Export as new Build Order

SpeCial Terran 

Build Orders: Hellion Opening, Reaper Expand, Bio Tank 

Get SALT Encoding   

  12  0:00  SCV  
  13  0:13  SCV  
  14  0:18  Supply Depot  
  14  0:25  SCV  
  15  0:39  SCV  
  15  0:40  Barracks  
  16  0:45  Refinery  
  16  0:52  SCV  
  17  1:04  SCV  
  18  1:16  SCV  
  19  1:28  Orbital Command, Reaper  
  20  1:40  Command Center  
  20  1:51  Supply Depot  
  20  1:54  SCV  
  20  2:00  Marine  
  22  2:04  Factory  
  22  2:07  SCV  
  23  2:13  Refinery  
  23  2:19  SCV  
  23  2:22  Barracks Reactor  
  24  2:31  SCV  
  25  2:43  SCV  
  26  2:52  Orbital Command  
  26  2:53  Starport  
  26  2:55  SCV  
  27  3:03  Hellion x2  
  31  3:07  Barracks Tech Lab  
  31  3:09  SCV  
  32  3:19  SCV  
  33  3:21  SCV  
  33  3:24  Hellion  
  33  3:25  Hellion  
  38  3:28  Supply Depot  
  38  3:32  SCV  
  38  3:33  SCV  
  40  3:37  Raven  
  42  3:44  SCV  
  42  3:45  SCV  
  44  3:49  Hellion  
  44  3:50  Hellion  
  44  3:52  Supply Depot  
  44  3:53  Barracks Tech Lab  
  48  3:56  SCV  
  48  3:57  SCV  
  50  4:08  SCV  
  52  4:10  SCV, Command Center  
  52  4:14  Marine  
  52  4:16  Stimpack  
  53  4:17  Supply Depot  
  53  4:21  SCV  
  53  4:22  SCV  
  55  4:25  Barracks  
  54  4:32  Marine  
  54  4:33  SCV  
  54  4:37  Starport Reactor  
  54  4:38  Barracks  
  56  4:40  Siege Tank  
  56  4:43  SCV  
  56  4:45  SCV  
  61  4:50  Marine  
  56  4:55  SCV  
  56  4:57  SCV  
  51  5:07  SCV, Engineering Bay  
  51  5:08  Marine, Engineering Bay  
  51  5:09  SCV  
  54  5:18  Refinery x2  
  54  5:19  SCV  
  55  5:21  SCV  
  55  5:22  Orbital Command, Starport Reactor  
  55  5:23  Marine  
  55  5:24  Marine  
  55  5:26  Marine  
  55  5:27  Siege Tank  
  62  5:31  SCV, Marine x2  
  62  5:33  SCV  
  66  5:38  Terran Infantry Weapons Level 1, Terran Infantry Armor Level 1  
  66  5:41  Marine x2  
  68  5:43  SCV, Marine  
  68  5:45  SCV  
  68  5:49  Orbital Command, Marine x2  
  73  5:54  Supply Depot  
  73  5:55  SCV  
  74  5:57  SCV  
  74  5:58  Medivac x2  
  74  5:59  Marine x2  
  74  6:01  Marine  
  82  6:07  Marine x2  
  82  6:08  SCV  
  85  6:12  SCV  
  85  6:16  SCV, Marine  
  85  6:18  Supply Depot  
  87  6:20  SCV, Combat Shields, Marine x2, Supply Depot  
  87  6:24  SCV  
  91  6:26  Marine  
  91  6:27  Marine  
  93  6:39  SCV x2, Siege Tank, Marine x3  
  101  6:41  SCV  
  102  6:47  Supply Depot, Barracks x2  
  102  6:49  Supply Depot  
  102  6:52  SCV x2  
  102  6:53  SCV, Marine x2  
  107  6:57  Marine  
  107  6:59  Marine  
  109  7:08  Supply Depot  
  109  7:09  SCV x3, Medivac  
  109  7:12  Marine x3  
  117  7:21  SCV x3  
  102  7:32  Siege Tank, Marine x4  
  102  7:33  SCV x3, Marine  
  102  7:36  Armory  
  113  7:38  Refinery  
  113  7:40  Supply Depot x2  
  114  7:45  SCV x2  
  114  7:50  SCV  
  117  7:52  Marine x4  
  117  7:54  Barracks Reactor, Factory  
  117  7:57  SCV  
  122  7:59  Barracks Reactor  
  122  8:04  Refinery, Siege Tank  
  122  8:05  SCV, Supply Depot  
  125  8:06  Marine  
  125  8:10  Marine x3  
  125  8:12  Medivac x2  
  133  8:16  Command Center  
  133  8:20  SCV x2  
  133  8:22  Marine  
  133  8:24  Marine  
  133  8:26  Sensor Tower  
  133  8:27  Terran Infantry Armor Level 2, Marine, Supply Depot  
  136  8:28  Marine x2  
  136  8:29  Terran Infantry Weapons Level 2  
  136  8:32  Marine x2  
  141  8:36  Siege Tank  
  141  8:39  Marine  
  141  8:40  Marine  
  146  8:43  Marauder  
  146  8:45  Marine, Factory Tech Lab  
  146  8:46  Barracks  
  146  8:47  Barracks  
  149  8:48  Barracks  
  149  8:50  Marine  
  149  8:54  SCV x2  
  150  8:59  SCV  
  150  9:01  Marine  
  150  9:04  Marauder  
  150  9:05  Marine  
  150  9:08  Siege Tank  
  156  9:10  Marine x2  
  156  9:12  Siege Tank  
  156  9:13  Marine  
  161  9:19  Marine x4  
  161  9:23  Marine  
  165  9:28  Marauder, Medivac x2  
  165  9:29  Supply Depot  
  165  9:30  Supply Depot  
  165  9:31  Marine  
  172  9:34  Terran Vehicle Weapons Level 1  
  161  9:40  Liberator x2  
  161  9:44  Marine x2  
  162  9:47  Siege Tank x2, Barracks Tech Lab  
  162  9:48  Barracks Tech Lab  
  162  9:49  Marauder  
  162  9:51  Marine  
  171  9:55  Marine  
  171  9:58  SCV, Supply Depot  
  179  10:04  Marine  
  179  10:05  Marine x3  
  179  10:06  Marine x2  
  185  10:11  Marauder  
  187  10:20  Marauder, Marine x3, Ghost Academy  
  192  10:22  Barracks Tech Lab  
  192  10:28  Planetary Fortress  
  192  10:29  Marine  
  192  10:31  Command Center  
  192  10:32  Marauder  
  195  10:39  Marauder, Marine x2  
  195  10:40  Marine  
  199  10:47  Marauder, Marine  
  197  10:50  Marine  
  197  10:51  Marauder  
  197  10:56  Terran Infantry Armor Level 3, Terran Infantry Weapons Level 3  
  198  11:01  Refinery x2  
  198  11:05  Marauder  
  200  11:17  Marine  
  200  11:18  Marauder, Marine x3  
  190  11:19  Marauder, Marine  
  190  11:24  Marauder, Marine x2  
  189  11:28  Marauder, Marine  
  189  11:30  Siege Tank, Liberator  
  189  11:31  Liberator  
  195  11:35  Marine x2  
  195  11:36  Marine x2  
  195  11:38  Marine  
  195  11:39  Marauder  
  191  11:41  Marine  
  191  11:42  Marine  
  191  11:45  SCV x2  
  191  11:46  Marine  
  181  11:50  Marauder  
  181  11:53  SCV  
  189  11:55  Orbital Command  
  189  11:57  SCV  
  189  11:59  Ghost x2  
  189  12:00  Ghost, Marine  
  193  12:02  Marine  
  195  12:09  Siege Tank x2  
  195  12:11  Marauder, Marine  
  193  12:20  Marine  
  153  12:28  Marauder  
  120  12:39  Marine  
  120  12:40  Marauder  
  120  12:41  Siege Tank, Marine  
  120  12:43  Marine  
  125  12:47  Marine x2  
  125  12:49  Marauder  
  111  12:53  Orbital Command, Marine x2  
  104  13:01  Marauder  
  104  13:02  Marine  
  102  13:11  SCV x2, Marauder  
  105  13:13  Siege Tank  
  104  13:23  Marauder, Orbital Command  
  104  13:26  SCV x3  
  109  13:29  Marine  
  109  13:32  Marauder, Marine  
  109  13:33  Marine  
  114  13:37  Marine x4  
  114  13:38  SCV, Marine  
  114  13:40  SCV  
  121  13:43  Marine  
Tags
 
Add a new tag
Caveats
  • Supply blocks, unpowered buildings, or Contaminate may cause inaccurate times.
  • Supply counts are checked every 10 seconds.